 Dungeon Crawl Stone Soup version 0.21-a0-94-gdd6ab6a (webtiles) character file.

79 Lavandula the Bolt Thrower (level 4, 0/33 HPs)
             Began as a Mummy Arcane Marksman on July 2, 2017.
             Killed from afar by an orc wizard (10 damage)
             ... with a magic dart
             ... on level 3 of the Dungeon.
             The game lasted 00:04:15 (748 turns).

Lavandula the Bolt Thrower (Mummy Arcane Marksman)   Turns: 748, Time: 00:04:16

Health: 0/33       AC:  2    Str: 13    XL:     4   Next: 16%
Magic:  5/6        EV: 12    Int: 12    God:
Gold:   9          SH:  0    Dex: 13    Spells: 2/5 levels left

rFire    x . .     SeeInvis .   i - +0 spear (curse)
rCold    + . .     Gourm    .   (no shield)
rNeg     + + +     Faith    .   e - +0 robe
rPois    ∞         Spirit   .   (no helmet)
rElec    .         Reflect  .   (no cloak)
rCorr    .         Harm     .   (no gloves)
MR       .....                  (no boots)
Stlth    +.........             (no amulet)
HPRegen  0.11/turn              (no ring)
MPRegen  0.10/turn              (no ring)

@: no status effects
A: no food or potions, fire vulnerability, cold resistance 1, negative energy
resistance 3, torment resistance, unbreathing
a: no special abilities


You were on level 3 of the Dungeon.
You were not hungry.

You visited 1 branch of the dungeon, and saw 4 of its levels.

You collected 9 gold pieces.

Inventory:

Hand Weapons
 a - a +1 hand crossbow
 f - a +1 mace of crushing
 h - a +0 dagger
 i - a cursed +0 spear (weapon)
Missiles
 d - 12 bolts
Armour
 e - a +0 robe (worn)
Scrolls
 b - a scroll of enchant weapon
 j - a scroll of teleportation
Books
 c - a book of Debilitation

   Spells                             Type                      Level
   a - Corona                         Hexes                        1
   b - Slow                           Hexes                        2
   c - Inner Flame                    Hexes/Fire                   3
   d - Portal Projectile              Hexes/Translocation          3
   e - Cause Fear                     Hexes                        4
   f - Leda's Liquefaction            Hexes/Earth                  4


   Skills:
 + Level 1.7 Fighting
 - Level 3.4 Crossbows
 - Level 1.5 Dodging
 - Level 1.3 Spellcasting
 - Level 2.6 Hexes


You had 2 spell levels left.
You knew the following spells:

 Your Spells              Type           Power        Failure   Level  Hunger
a - Corona                Hex            #......      10%         1    N/A
b - Slow                  Hex            #.......     14%         2    N/A

Dungeon Overview and Level Annotations

Branches:
Dungeon (4/15)
 Temple: D:4-7

Altars:
Fedhas
Zin


Innate Abilities, Weirdness & Mutations

You do not eat or drink.
Your flesh is vulnerable to fire.
You are immune to poison.
Your flesh is cold resistant. (rC+)
You are immune to negative energy. (rN+++)
You are immune to unholy pain and torment.
You can survive without breathing.


Message History

You hit the orc wizard but do no damage.
The orc wizard is moderately wounded.
The orc wizard barely misses you.
You barely miss the orc wizard.
The orc wizard is moderately wounded.
The orc wizard points at you and mumbles some strange words.
The magic dart hits you!
You hit the orc wizard.
The orc wizard is severely wounded.
The orc wizard hits you with an enchanted dagger.
You hit the orc wizard.
The orc wizard is severely wounded.
The orc wizard casts a spell at you. The magic dart hits you!
You are too injured to fight recklessly!
You completely miss the orc wizard.
The orc wizard is severely wounded.
The orc wizard points at you and mumbles some strange words.
The magic dart hits you!
You die...

#..# .... ###### #..#
########..... #..#
#.........###
######..####.######..#
.............# ###..#
#......b# #..# #....##
#o###..####.#.<.##
#@............#..#
#####..####..###..
#..# #...#..# #..#
#.....## #..# #..#.###
#..####..#...#


oo. #......).....# .o. ..#####....... .o ## #....... You could see an orc wizard
and a bat.

Vanquished Creatures
  Jessica (D:2)
  2 adders
  2 leopard geckos (D:3)
  5 orcs
  2 bats (D:3)
  A giant cockroach (D:3)
  3 hobgoblins
  A quokka (D:3)
  2 frilled lizards (D:3)
  4 goblins
  3 kobolds (D:3)
  3 rats
29 creatures vanquished.

Notes
Turn   | Place    | Note
-------+----------+-------------------------------------------
     0 | D:1      | Lavandula the Mummy Arcane Marksman began the quest for the Orb.
     0 | D:1      | Reached XP level 1. HP: 15/15 MP: 2/2
    28 | D:2      | Noticed Jessica
    32 | D:2      | Killed Jessica
    32 | D:2      | Reached skill level 2 in Crossbows
    32 | D:2      | Reached XP level 2. HP: 21/21 MP: 4/4
    38 | D:2      | Learned a level 2 spell: Slow
    70 | D:2      | Reached skill level 3 in Crossbows
    70 | D:2      | Reached XP level 3. HP: 25/26 MP: 0/5
   520 | D:3      | Reached XP level 4. HP: 29/32 MP: 2/6
   611 | D:4      | Found a glowing silver altar of Zin.
   613 | D:4      | Found a blossoming altar of Fedhas.
   748 | D:3      | Killed from afar by an orc wizard

Vault maps used:
D:1:      minmay_arrival_floating_metal
D:2:      lemuel_round_altar, elyvilon_altar_3, uniq_jessica
D:4:      grunt_temple_overflow_open, first_bread, uniq_crazy_yiuf_cottage,
          uniq_robin

Skill      XL: |  1  2 |
---------------+-------+-----
Crossbows      | 2 3 |  3.4
Fighting       | |  1.7
Dodging        | |  1.5
Spellcasting   | |  1.3
Hexes          | |  2.6

Action                   |  1- 3 |  4- 6 || total
-------------------------+-------+-------++-------
Melee: Spear             |    27 |    24 ||    51
 Fire: Hand crossbow     |    36 |       ||    36
 Cast: Slow              |     2 |       ||     2
       Corona            |    14 |     7 ||    21
  Use: Scroll            |     4 |     1 ||     5
Armor: Robe              |     2 |     3 ||     5
Dodge: Dodged            |    25 |     7 ||    32
